 Dungeon Sprint DCSS version 0.26-a0-649-gf8c6c3aab7 (webtiles) character file.

Game seed: 4975059752755361291

24688 sahdkjhfkaj the Imperceptible (level 12, -21/51 HPs)
             Began as a Spriggan Enchanter on Sept 27, 2020.
             Was the Champion of Dithmenos.
             Killed from afar by Aizul (42 damage)
             ... with a bolt of poison
             ... in the Dungeon (Sprint IX: "|||||||||||||||||||||||||||||").
             The game lasted 00:11:19 (4317 turns).

sahdkjhfkaj the Imperceptible (Spriggan Enchanter)  Turns: 4317, Time: 00:11:19

Health: -21/51     AC:  4    Str:  5    XL:     12   Next: 82%
Magic:  28/30      EV: 33    Int: 23    God:    Dithmenos [******]
Gold:   1928       SH:  0    Dex: 22    Spells: 31/37 levels left

rFire    + . .     SeeInvis +   a - +1 dagger
rCold    . . .     Faith    .   (shield restricted)
rNeg     . . .     Spirit   .   v - +0 robe of Supple Strength {Int+5 SInv}
rPois    .         Reflect  .   r - +1 hat
rElec    .         Harm     .   l - +0 cloak
rCorr    .         Rampage  .   (gloves unavailable)
MR       ++...     NoTele   +   (boots unavailable)
Stlth    ++++++++++             (no amulet)
HPRegen  0.17/turn              t - ring of protection from fire
MPRegen  0.22/turn              n - +3 ring of dexterity

@: lethally poisoned (-21 -> -56), confusing touch, wreathed by umbra, very
quick
A: very small, unfitting armour, see invisible, speed 3
a: Shadow Step, Shadow Form, Renounce Religion


You were in the Dungeon.
You worshipped Dithmenos.
Dithmenos was exalted by your worship.
You visited 1 branch You collected 1928 gold pieces.

Inventory:

Hand Weapons
 a - a +1 dagger (weapon)
Armour
 l - a +0 cloak (worn)
 r - a +1 hat (worn)
 v - the +0 robe of Supple Strength (worn) {Int+5 SInv}
   (You found it in the Dungeon)

   It affects your intelligence (+5).
   It lets you see invisible.
Jewellery
 m - a +3 ring of intelligence
 n - a +3 ring of dexterity (right hand)
 s - an uncursed ring of fire
 t - a ring of protection from fire (left hand)
 u - an uncursed ring of ice
Wands
 k - a wand of acid (10)
Scrolls
 h - 6 scrolls of remove curse
 i - 3 scrolls of blinking
 j - 2 scrolls of amnesia
 p - a scroll of fog
 q - 4 scrolls of identify
 w - 2 scrolls of enchant armour
Potions
 b - a potion of berserk rage
 c - a potion of invisibility
 d - 4 potions of curing
 e - 4 potions of heal wounds
 f - 3 potions of haste
 g - 4 potions of magic
 o - 2 potions of might


   Skills:
 - Level 11.7 Short Blades
 + Level 15.0 Dodging
 + Level 25.3 Stealth
 + Level 13.4 Spellcasting
 + Level 20.2 Hexes
 - Level 12.0 Invocations


You had 31 spell levels left.
You knew the following spells:

 Your Spells              Type           Power        Failure   Level
a - Corona                Hex            #######      0%          1
b - Ensorcelled Hibernat  Hex/Ice        ######       1%          2
c - Confusing Touch       Hex            #######.     0%          3

Your spell library contained the following spells:

 Spells                   Type           Power        Failure   Level
 Tukima's Dance           Hex            #######.     0%          3
 Dazzling Flash           Conj/Hex       ######       1%          3


Dungeon Overview and Level Annotations

Branches:
Dungeon (1/1)

Altars:
Cheibriados
Dithmenos
Elyvilon
Fedhas
Gozag
Hepliaklqana
Kikubaaqudgha
Makhleb
Nemelex Xobeh
Okawaru
Qazlal
Ru
Sif Muna
Trog
Uskayaw
Vehumet
Wu Jian
Xom
Yredelemnul
Zin
The Shining One
Beogh
Jiyva
Lugonu

Shops:
D *(?*

Annotations:
D Agnes, Aizul, Joseph


Innate Abilities, Weirdness & Mutations

You are very small and have problems with some larger weapons.
You are too small for most types of armour.
You have supernaturally acute eyesight. (SInv)
You cover ground extremely quickly.


Message History

Okay, then.
Press: ? - help, v - describe, . - travel
Here: Aizul (black smoke, chance to confuse on hit: 9%, umbra)
The floor.
Unknown command.
You feel better. Aizul completely misses you. Aizul closely misses you.
Unknown command.
You feel much better. Aizul casts a spell at you. The poison arrow hits you!!
You are poisoned.
Ouch! That really hurt!
* * * LOW HITPOINT WARNING * * *
You emit a cloud of dark smoke.
Unknown command.
You feel much better.
You feel sick.
Aizul coils herself and waves her upper body at you.
The bolt of poison hits you!!!
You are lethally poisoned!
Ouch! That really hurt!
You die...

.............................)...
▓▓▓▓▓▓▓▓▓▓▓▓▓▓▓▓▓▓▓▓▓▓▓▓▓▓▓▓▓▓▓▓▓
.'....)∩.∩.∩)∩))..)'......)...)))
▓▓▓▓▓▓▓▓▓▓▓▓▓▓▓▓▓▓▓▓▓▓▓▓▓▓▓▓▓▓▓▓▓
.................................
▓▓▓▓▓▓▓▓▓▓▓▓▓▓▓▓▓▓▓▓▓▓▓▓▓▓▓▓▓▓▓▓▓
.'..........[)).)'..........)[[[[
▓▓▓▓▓▓▓▓▓▓▓▓▓▓▓▓▓▓▓▓▓▓▓▓▓▓▓▓▓▓▓▓▓
..............§§@Si.@...
▓▓▓▓▓▓▓▓▓▓▓▓▓▓▓▓▓▓▓▓▓▓▓▓


You could see Aizul and Agnes.

Vanquished Creatures
  Gastronok (D)
  A very ugly thing (D)
  An ettin (D)
  A fire dragon (D)
  A yaktaur captain (D)
  2 hydras (D)
  A great orb of eyes (D)
  A centaur warrior (D)
  A two-headed ogre (D)
  A deep troll earth mage (D)
  5 orc high priests (D)
  2 unseen horrors (D)
  A wizard (D)
  12 orc knights (D)
  An orc sorcerer (D)
  A black mamba (D)
  A gargoyle (D)
  2 cane toads (D)
  A rime drake (D)
  2 trolls (D)
  A slime creature (D)
  A dream sheep (D)
  A blink frog (D)
  A basilisk (D)
  3 wargs (D)
  A vampire mosquito (D)
  2 hell hounds (D)
  4 porcupines (D)
  A black bear (D)
  12 orc warriors (D)
  A sky beast (D)
  3 wolves (D)
  2 centaurs (D)
  A big kobold (D)
  7 bullfrogs (D)
  A wight (D)
  A howler monkey (D)
  4 orc priests (D)
  3 orc wizards (D)
  An adder zombie (D)
  A leopard gecko (D)
  5 orcs (D)
  2 giant cockroaches (D)
  A jackal (D)
  2 kobolds (D)
  A quokka skeleton (D)
102 creatures vanquished.

Notes
Turn   | Place    | Note
-------+----------+-------------------------------------------
     0 | D        | sahdkjhfkaj the Spriggan Enchanter began the quest for the
                  | Orb.
     0 | D        | Reached XP level 1. HP: 9/9 MP: 5/5
     5 | D        | Reached skill level 6 in Stealth
    30 | D        | Reached skill level 7 in Stealth
   207 | D        | Noticed a centaur
   207 | D        | Noticed a sky beast
   207 | D        | Noticed a howler monkey
   209 | D        | Killed a howler monkey
   209 | D        | Reached skill level 11 in Stealth
   209 | D        | Reached XP level 2. HP: 13/13 MP: 6/6
   209 | D        | Reached XP level 3. HP: 16/16 MP: 8/8
   213 | D        | Killed a sky beast
   213 | D        | Reached skill level 15 in Stealth
   213 | D        | Reached XP level 4. HP: 21/21 MP: 9/9
   222 | D        | Killed a centaur
   222 | D        | Reached skill level 17 in Stealth
   222 | D        | Reached XP level 5. HP: 23/24 MP: 10/10
   325 | D        | Learned a level 2 spell: Ensorcelled Hibernation
   329 | D        | Learned a level 3 spell: Confusing Touch
   331 | D        | Found a roughly hewn altar of Beogh.
   331 | D        | Found a snail-covered altar of Cheibriados.
   331 | D        | Found a shadowy altar of Dithmenos.
   331 | D        | Found a white marble altar of Elyvilon.
   331 | D        | Found a blossoming altar of Fedhas.
   331 | D        | Found an opulent altar of Gozag.
   332 | D        | Found a hazy altar of Hepliaklqana.
   333 | D        | Found a viscous altar of Jiyva.
   334 | D        | Found an ancient bone altar of Kikubaaqudgha.
   335 | D        | Found a corrupted altar of Lugonu.
   336 | D        | Became a worshipper of Dithmenos the Shadowed
   337 | D        | Found a burning altar of Makhleb.
   338 | D        | Found a sparkling altar of Nemelex Xobeh.
   339 | D        | Found an iron altar of Okawaru.
   340 | D        | Found a stormy altar of Qazlal.
   341 | D        | Found a sacrificial altar of Ru.
   342 | D        | Found a shimmering blue altar of Sif Muna.
   343 | D        | Found a bloodstained altar of Trog.
   344 | D        | Found a hide-covered altar of Uskayaw.
   345 | D        | Found a radiant altar of Vehumet.
   346 | D        | Found an ornate altar of the Wu Jian Council.
   347 | D        | Found a shimmering altar of Xom.
   348 | D        | Found a basalt altar of Yredelemnul.
   349 | D        | Found a glowing silver altar of Zin.
   350 | D        | Found a glowing golden altar of the Shining One.
   383 | D        | Noticed an orc warrior
   383 | D        | Noticed a black bear
   383 | D        | Noticed a troll
   385 | D        | Killed a troll
   385 | D        | Reached XP level 6. HP: 28/28 MP: 10/14
   418 | D        | Reached skill level 5 in Spellcasting
   529 | D        | Reached * piety under Dithmenos
   529 | D        | Reached skill level 18 in Stealth
   529 | D        | Reached XP level 7. HP: 32/32 MP: 10/16
   549 | D        | Reached ** piety under Dithmenos
   549 | D        | Reached skill level 5 in Short Blades
   632 | D        | Noticed a two-headed ogre
   632 | D        | Noticed a slime creature
   632 | D        | Noticed a centaur warrior
   632 | D        | Noticed a gargoyle
   632 | D        | Noticed a four-headed hydra
   634 | D        | Killed a four-headed hydra
   634 | D        | Reached skill level 10 in Hexes
   634 | D        | Reached skill level 5 in Invocations
   634 | D        | Reached XP level 8. HP: 36/36 MP: 17/20
   636 | D        | Killed a gargoyle
   636 | D        | Reached skill level 19 in Stealth
   638 | D        | Killed a centaur warrior
   638 | D        | Reached XP level 9. HP: 39/39 MP: 17/23
   640 | D        | Reached *** piety under Dithmenos
   642 | D        | Killed a two-headed ogre
   776 | D        | Noticed a cane toad
   776 | D        | Noticed a cane toad
   788 | D        | Reached skill level 20 in Stealth
   788 | D        | Reached skill level 10 in Spellcasting
   794 | D        | Killed a cane toad
   794 | D        | Reached **** piety under Dithmenos
   799 | D        | Killed a cane toad
   806 | D        | Reached XP level 10. HP: 44/44 MP: 16/25
   923 | D        | Noticed a five-headed hydra
   929 | D        | Killed a five-headed hydra
   929 | D        | Reached ***** piety under Dithmenos
  1042 | D        | Noticed a black mamba
  1052 | D        | Reached skill level 10 in Short Blades
  1052 | D        | Reached skill level 15 in Hexes
  1305 | D        | Killed a black mamba
  1623 | D        | Reached skill level 21 in Stealth
  1629 | D        | Reached ****** piety under Dithmenos
  1747 | D        | Noticed Gastronok
  1754 | D        | Killed Gastronok
  1754 | D        | Reached skill level 10 in Invocations
  1754 | D        | Reached XP level 11. HP: 47/47 MP: 26/28
  1818 | D        | Noticed an orc knight
  1819 | D        | Noticed an orc knight
  2044 | D        | Killed an orc knight
  2178 | D        | Killed an orc knight
  2356 | D        | Noticed an orc knight
  2356 | D        | Noticed an orc knight
  2394 | D        | Killed an orc knight
  2504 | D        | Killed an orc knight
  2528 | D        | Reached skill level 22 in Stealth
  2580 | D        | Reached skill level 5 in Dodging
  2626 | D        | Noticed an orc sorcerer
  2629 | D        | Paralysed by an orc sorcerer for 2 turns
  2635 | D        | Killed an orc sorcerer
  2738 | D        | Found Purur's General Store.
  2738 | D        | Noticed an orc knight
  2738 | D        | Noticed an orc knight
  2738 | D        | Noticed an orc high priest
  2738 | D        | Noticed an orc knight
  2738 | D        | Noticed an orc high priest
  2739 | D        | Noticed an orc high priest
  2740 | D        | Killed an orc high priest
  2764 | D        | Killed an orc knight
  2766 | D        | Killed an orc high priest
  2773 | D        | Killed an orc knight
  2861 | D        | Killed an orc knight
  2882 | D        | Found Huunof's Magic Scroll Shop.
  2882 | D        | Noticed an orc knight
  2885 | D        | Found Ucvebre's Weapon Boutique.
  2885 | D        | Noticed an orc high priest
  2888 | D        | Killed an orc high priest
  2888 | D        | Reached skill level 23 in Stealth
  2890 | D        | Noticed an orc knight
  2891 | D        | Killed an orc knight
  2892 | D        | Noticed an orc knight
  2895 | D        | Killed an orc high priest
  2895 | D        | Reached skill level 10 in Dodging
  2895 | D        | Reached XP level 12. HP: 51/51 MP: 16/29
  2897 | D        | Found Typaistra's General Store.
  2902 | D        | Noticed an orc high priest
  3085 | D        | Killed an orc high priest
  3288 | D        | Got the +0 robe of Supple Strength {Int+5 SInv}
  3325 | D        | Reached skill level 24 in Stealth
  3329 | D        | Noticed a fire dragon
  3331 | D        | Noticed an ettin
  3511 | D        | Killed a fire dragon
  3586 | D        | Killed an ettin
  3610 | D        | Noticed a deep troll earth mage
  3633 | D        | Killed a deep troll earth mage
  3633 | D        | Reached skill level 25 in Stealth
  3650 | D        | Noticed a yaktaur captain
  4186 | D        | Killed a yaktaur captain
  4210 | D        | Noticed a great orb of eyes
  4225 | D        | Killed a great orb of eyes
  4266 | D        | Noticed a purple very ugly thing
  4273 | D        | Killed a purple very ugly thing
  4273 | D        | Reached skill level 15 in Dodging
  4307 | D        | Noticed Aizul
  4308 | D        | Noticed Agnes
  4309 | D        | Noticed Joseph
  4317 | D        | Killed from afar by Aizul

Illustrated notes

Levels and vault maps discovered:
D:        linesprint [early_d, line_temple, items_1, d_10, items_2, lair_1,
          lair_end, items_3, orc_1, orc_end, items_4, d_15, swamp_1, shoals_1,
          snake_1, spider_1, d_20, vaults_1, items_5, swamp_end, shoals_end,
          snake_end, spider_end, vaults_end, d_27, items_6, zot_1, zot_end,
          crypt_end, forest_end, elf_end, slime_end, tomb_end, abyss_end,
          pan_hell_end]

Skill      XL: |  1  2  3  4  5  6  7  8  9 10 11 12 |
---------------+-------------------------------------+-----
Stealth        | 11 15 17 18 19 20 21 23 25 | 25.3
Short Blades   | 3 4 6 7 9 11 | 11.7
Spellcasting   | 4 5 7 9 10 12 13 | 13.4
Hexes          | 6 7 10 12 14 16 18 20 | 20.2
Invocations    | 3 5 7 8 10 12 | 12.0
Dodging        | 10 15 | 15.0

Action                   |  1- 3 |  4- 6 |  7- 9 | 10-12 || total
-------------------------+-------+-------+-------+-------++-------
Melee: Dagger            |    37 |    33 |    27 |   153 ||   250
 Cast: Ensorcelled Hiber |       |     8 |     8 |   105 ||   121
       Confusing Touch   |       |       |       |     3 ||     3
Invok: Shadow Form       |       |       |       |     4 ||     4
  Use: Potion            |       |     2 |       |     6 ||     8
 Stab: Sleeping          |     5 |     3 |    11 |    66 ||    85
       Confused          |       |       |       |     2 ||     2
       Invisible         |       |       |       |    10 ||    10
Armor: Robe              |     4 |     2 |     3 |     1 ||    10
Dodge: Dodged            |    23 |    35 |    14 |    72 ||   144

Table legend: (Time is in decaauts)
 A = Elapsed time spent in this place.
 B = Non-inter-level travel time spent in this place.
 C = Inter-level travel time spent in this place.
 D = Time resting spent in this place.
 E = Time spent auto-exploring this place.
 F = Levels seen in this place.
 G = Mean time per level.
                   A        B        C        D        E       F      G
               +--------+--------+--------+--------+--------+-----+--------+
         Total |   3438 |   3438 |      0 |    705 |   1702 |   1 | 3438.0 |
       Dungeon |   3438 |   3438 |      0 |    705 |   1702 |   1 | 3438.0 |
               +--------+--------+--------+--------+--------+-----+--------+

Top non-repeatable levels by time:
       D: 3438 daAuts
